AoeStats
← kidori

Arabia

504276405Analyzed
1v1 RM · 28d ago on Sep 4, 2026· 42m 53s· 2 players
Game mode
Random Map
Map size
Tiny (2 player)
Population
200
Speed
Normal
Resources
Standard
Victory
Conquest
Starting age
Dark Age
Ending age
Imperial Age
RankedLock teamsTeams togetherTeam positionsShared explorationLock speedFull tech treeHidden civsTurbo modeCheats
Victory
Defeat
🇮🇳 Chinese · India
1127
+15
🇫🇷 Poles · France
1103
-15
Yecklefenec
6:14 Loom
9:03 Feudal Age
9:51 Double-Bit Axe
10:23 Horse Collar
13:34 Bloodlines
17:12 Forging
19:36 Wheelbarrow
19:26 Gold Mining
20:47 Town Watch
23:45 Castle Age
23:34 Fletching
23:44 Padded Archer Armor
23:51 Crossbowman
24:51 Bow Saw
24:43 Bodkin Arrow
30:28 Stone Mining
kidori
0:26 Loom
9:25 Feudal Age
10:45 Double-Bit Axe
14:43 Horse Collar
15:43 Forging
20:27 Castle Age
19:51 Scale Mail Armor
21:20 Wheelbarrow
20:30 Town Watch
21:51 Bow Saw
21:35 Gold Mining
22:11 Chain Mail Armor
22:35 Squires
24:04 Arson
25:25 Iron Casting
32:32 Fletching
33:29 Bodkin Arrow
37:26 Imperial Age
37:05 Padded Archer Armor
39:40 Bracer
39:55 Leather Archer Armor
40:30 Conscription
42:07 Two-Man Saw
41:07 Heavy Plow
42:08 Two-Man Saw
42:47 Chemistry
Connection lost

Rejoining the realm…

Still unreachable

The connection could not be restored.

Session expired

The server has moved on; the page needs a fresh start.